AoeStats
← Sodythaek

African Clearing

510564405Analyzed
2v2 RM · 2d ago on Oct 1, 2026· 20m 10s· 4 players
Game mode
Random Map
Map size
Medium (4 player)
Population
200
Speed
Normal
Resources
Standard
Victory
Conquest
Starting age
Dark Age
Ending age
Imperial Age
RankedLock teamsTeams togetherTeam positionsShared explorationLock speedFull tech treeHidden civsTurbo modeCheats
Victory
Defeat
🇫🇷 Danes · France
1350
+11
🇫🇷 Huns · France
1318
+14
🇬🇧 Varangians · United Kingdom
1260
-13
🇩🇪 Dravidians · Germany
1234
-12
Sodythaek
6:15 Loom
9:54 Loom
12:02 Feudal Age
13:10 Double-Bit Axe
16:25 Horse Collar
17:02 Scale Barding Armor
18:41 Forging
archimonde
8:12 Loom
15:14 Feudal Age
17:35 Fletching
Ukko
3:58 Loom
16:44 Feudal Age
Koenig d. Hunde
9:06 Loom
11:51 Feudal Age
12:23 Double-Bit Axe
17:29 Wheelbarrow
20:54 Castle Age
20:04 Forging
20:00 Scale Barding Armor
Connection lost

Rejoining the realm…

Still unreachable

The connection could not be restored.

Session expired

The server has moved on; the page needs a fresh start.